AoeStats
← KRäzi

Arena

504615240Analyzed
2v2 RM · 27d ago on Sep 6, 2026· 46m 27s· 4 players
Game mode
Random Map
Map size
Medium (4 player)
Population
200
Speed
Normal
Resources
Standard
Victory
Conquest
Starting age
Dark Age
Ending age
Imperial Age
RankedLock teamsTeams togetherTeam positionsShared explorationLock speedFull tech treeHidden civsTurbo modeCheats
Victory
Defeat
🇺🇸 Spanish · United States
1123
+16
🇺🇸 Persians · United States
1104
+17
🇨🇦 Burgundians · Canada
1157
-17
🇧🇷 Cumans · Brazil
1103
-16
mattyloz
5:40 Double-Bit Axe
11:10 Feudal Age
10:47 Loom
15:49 Castle Age
16:06 Bow Saw
17:52 Wheelbarrow
20:12 Sanctity
20:29 Husbandry
25:21 Horse Collar
26:54 Hand Cart
26:44 Heavy Plow
30:42 Imperial Age
28:45 Burgundian Vineyards
31:03 Fletching
31:23 Scale Barding Armor
32:24 Forging
33:03 Conscription
33:16 Chain Barding Armor
35:01 Chemistry
34:40 Crop Rotation
34:50 Gold Mining
35:53 Iron Casting
36:17 Elite Skirmisher
37:35 Plate Barding Armor
37:16 Masonry
38:07 Fortified Wall
38:53 Bodkin Arrow
40:02 Blast Furnace
40:55 Hoardings
40:41 Murder Holes
40:28 Light Cavalry
41:32 Caravan
41:15 Hussar
41:58 Padded Archer Armor
46:04 Architecture
GQ0000
11:44 Feudal Age
15:55 Castle Age
14:09 Double-Bit Axe
14:06 Horse Collar
18:36 Loom
21:12 Heavy Plow
23:05 Town Watch
24:04 Pikeman
26:02 Wheelbarrow
27:29 Squires
27:01 Capped Ram
28:32 Forging
28:46 Hand Cart
28:47 Gold Mining
32:23 Imperial Age
31:56 Iron Casting
31:22 Scale Mail Armor
33:26 Gold Shaft Mining
33:04 Bow Saw
32:25 Halberdier
32:35 Siege Ram
34:51 Blast Furnace
35:14 Crop Rotation
35:36 Conscription
36:00 Ballistics
36:10 Bloodlines
36:40 Chain Mail Armor
36:17 Fletching
38:25 Cavalier
40:18 Scale Barding Armor
40:09 Bodkin Arrow
40:22 Paladin
43:51 Chemistry
43:25 Chain Barding Armor
KRäzi
10:13 Feudal Age
14:34 Castle Age
12:50 Double-Bit Axe
13:08 Horse Collar
15:27 Bow Saw
26:41 Fervor
26:59 Bloodlines
26:52 Husbandry
28:34 Heavy Plow
30:01 Thumb Ring
29:18 Crossbowman
33:18 Imperial Age
31:04 Fletching
31:17 Padded Archer Armor
31:55 Bodkin Arrow
32:26 Kamandaran
33:11 Leather Archer Armor
33:06 Scale Barding Armor
33:53 Ballistics
33:09 Cavalier
34:46 Ring Archer Armor
35:42 Conscription
36:52 Chemistry
37:03 Wheelbarrow
37:26 Crop Rotation
37:58 Savar
39:04 Heavy Camel Rider
40:49 Forging
40:59 Chain Barding Armor
41:16 Citadels
43:00 Iron Casting
44:01 Plate Barding Armor
45:44 Elite War Elephant
c4hopper
11:11 Feudal Age
15:35 Castle Age
14:09 Stone Mining
14:41 Double-Bit Axe
22:54 Bow Saw
25:23 Horse Collar
27:20 Wheelbarrow
27:44 Heavy Plow
30:53 Hand Cart
31:27 Hand Cart
30:59 Town Watch
34:38 Imperial Age
32:32 Gold Mining
33:41 Scale Barding Armor
33:47 Forging
34:39 Bloodlines
34:29 Husbandry
33:50 Light Cavalry
35:07 Padded Archer Armor
35:28 Chain Barding Armor
34:51 Hussar
36:21 Conscription
37:31 Leather Archer Armor
37:52 Iron Casting
39:05 Two-Man Saw
38:56 Loom
40:18 Ring Archer Armor
40:24 Plate Barding Armor
40:50 Blast Furnace
42:56 Chemistry
42:36 Hoardings
43:26 Elite Conquistador
Connection lost

Rejoining the realm…

Still unreachable

The connection could not be restored.

Session expired

The server has moved on; the page needs a fresh start.